 Dungeon Crawl Stone Soup version 0.25-a0-362-g90ccd6aac3 (console) character file.

Game seed: 17512992410087417683, levelgen mode: deterministic

151 Kagalorn the Sneak (level 5, -6/44 HPs)
             Began as a Naga Arcane Marksman on Jan 4, 2020.
             Mangled by a bullfrog skeleton (7 damage)
             ... on level 4 of the Dungeon.
             The game lasted 00:07:53 (2808 turns).

Kagalorn the Sneak (Naga Arcane Marksman)           Turns: 2808, Time: 00:07:53

Health: -6/44      AC:  4    Str: 13    XL:     5   Next: 33%
Magic:  6/6        EV: 10    Int: 14    God:
Gold:   166        SH:  0    Dex: 11    Spells: 5/6 levels left

rFire    . . .     SeeInvis +   a - +1 hand crossbow
rCold    . . .     Gourm    .   (no shield)
rNeg     . . .     Faith    +   e - +0 robe
rPois    +         Spirit   .   (no helmet)
rElec    .         Reflect  .   c - +1 cloak
rCorr    .         Harm     .   (no gloves)
MR       .....                  (no barding)
Stlth    +++.......             o - amulet of faith
HPRegen  0.14/turn              (no ring)
MPRegen  0.10/turn              (no ring)

@: very slow
A: large, see invisible, deformed body, poison resistance, slowness 2, slow
metabolism 1, spit poison 1, AC +1
a: Spit Poison


You were on level 4 of the Dungeon.
You were not hungry.

You visited 1 branch of the dungeon, and saw 4 of its levels.

You collected 166 gold pieces.

Inventory:

Hand Weapons
 a - a +1 hand crossbow (weapon)
 b - a +0 war axe
Missiles
 d - 19 bolts (quivered)
 B - 16 poisoned darts
Armour
 c - a +1 cloak (worn)
 e - a +0 robe (worn)
 j - a +0 chain mail
 x - a +0 plate armour
Magical Staves
 v - an uncursed staff of earth {unknown}
Jewellery
 o - an amulet of faith (around neck)
 u - an uncursed ring of protection from fire {unknown}
Scrolls
 s - a scroll of enchant armour
Potions
 h - 2 potions of invisibility
 i - a potion of ambrosia {unknown}
 k - 2 potions of mutation {unknown}
 m - 4 potions of heal wounds {unknown}
 n - a potion of haste {unknown}
 q - a potion of degeneration {unknown}
 r - a potion of flight {unknown}
 t - a potion of magic {unknown}
 D - a potion of resistance {unknown}
 E - a potion of curing
Comestibles
 f - 4 rations


   Skills:
 - Level 1.0 Fighting
 + Level 3.1 Crossbows
 - Level 1.5 Dodging
 * Level 6.3 Stealth
 - Level 1.0 Spellcasting
 - Level 3.0 Hexes


You had 5 spell levels left.
You knew the following spells:

 Your Spells              Type           Power        Failure   Level  Hunger
a - Corona                Hex            #......      8%          1    ##.....

Your spell library contained the following spells:

 Spells                   Type           Power        Failure   Level  Hunger
 Slow                     Hex            #.......     12%         2    ###....
 Inner Flame              Hex/Fire       #.......     38%         3    ####...
 Portal Projectile        Hex/Tloc       #.....       38%         3    ####...
 Cause Fear               Hex            #.........   58%         4    #####..
 Leda's Liquefaction      Hex/Erth       #.........   80%         4    #####..


Dungeon Overview and Level Annotations

Branches:
Dungeon (4/15)
 Temple: D:4-7

Altars:
Qazlal


Innate Abilities, Weirdness & Mutations

You cannot wear boots.
Your serpentine skin is tough. (AC +1)
You have supernaturally acute eyesight. (SInv)
Armour fits poorly on your strangely shaped body.
Your system is resistant to poisons. (rPois)
You cover ground very slowly.
You have a slow metabolism.
You can spit poison.


Message History

The bullfrog skeleton is severely damaged.
The bullfrog skeleton hits you.
* * * LOW HITPOINT WARNING * * *
The bullfrog skeleton hits you.
* * * LOW HITPOINT WARNING * * *
You hit the bullfrog skeleton but do no damage.
The bullfrog skeleton is severely damaged.
The bullfrog skeleton hits you.
* * * LOW HITPOINT WARNING * * *
The bullfrog skeleton hits you.
* * * LOW HITPOINT WARNING * * *
a - a +1 hand crossbow (weapon)
Firing (i - inventory. (/) - cycle)
d - 20 bolts (quivered)
Press: ? - help, Shift-Dir - straight line, f/p - bullfrog skeleton
Aim: a bullfrog skeleton (severely damaged)
You shoot a bolt.
The bolt barely misses the bullfrog skeleton.
The bullfrog skeleton hits you but does no damage.
The bullfrog skeleton hits you!
You die...

##########
###........#
..........
#....... .....
#.Z# ### #.@#...
# ###..#.##.#
+.........#
###..#.#### #
#........
..###.###..#.####
...........#.#
####..##.#.#>#
.... #.#.#.#
########


You could see a bullfrog skeleton.

Vanquished Creatures
  A jelly (D:3)
  A worker ant (D:2)
  4 adders
  4 dart slugs
  6 orcs (D:3)
  A ball python (D:2)
  4 giant cockroaches
  A goblin (D:3)
  8 hobgoblins
  4 jackals (D:2)
  2 bats
  3 frilled lizards
  8 kobolds
  A leopard gecko skeleton (D:2)
  7 rats
55 creatures vanquished.

Notes
Turn   | Place    | Note
-------+----------+-------------------------------------------
     0 | D:1      | Kagalorn the Naga Arcane Marksman began the quest for the
                  | Orb.
     0 | D:1      | Reached XP level 1. HP: 18/18 MP: 2/2
    12 | D:1      | Reached skill level 1 in Stealth
    54 | D:1      | Reached XP level 2. HP: 15/25 MP: 3/3
    60 | D:1      | Reached skill level 2 in Stealth
   766 | D:1      | Reached skill level 3 in Stealth
   897 | D:2      | Reached XP level 3. HP: 31/31 MP: 4/4
  1185 | D:2      | Reached skill level 4 in Stealth
  1840 | D:2      | Reached XP level 4. HP: 21/38 MP: 5/5
  1886 | D:3      | Reached skill level 5 in Stealth
  2235 | D:3      | Reached XP level 5. HP: 44/44 MP: 6/6
  2402 | D:3      | Reached skill level 6 in Stealth
  2762 | D:4      | Found a stormy altar of Qazlal.
  2806 | D:4      | HP: 1/44 [bullfrog skeleton (5)]
  2808 | D:4      | Mangled by a bullfrog skeleton

Levels and vault maps discovered:
D:1:      beargit_arrival_greenhouse, layout_loops_ring
D:2:      layout_loops_cross
D:3:      cheibrodos_old_hovel, layout_rooms
D:4:      layout_basic, lemuel_doored_altar, temple_green, first_ration,
          serial_shops, nicolae_shop_statue_plus, grunt_qazlal_sundering,
          uniq_sigmund

Skill      XL: |  1  2  3  4  5 |
---------------+----------------+-----
Stealth        | 1 3 4 5 6 |  6.3
Crossbows      | 2 3 |  3.1
Fighting       | |  1.0
Dodging        | |  1.5
Spellcasting   | |  1.0
Hexes          | |  3.0

Action                   |  1- 3 |  4- 6 || total
-------------------------+-------+-------++-------
Melee: Unarmed           |     8 |       ||     8
       Hand axe          |    78 |    17 ||    95
       War axe           |       |    52 ||    52
 Fire: Hand crossbow     |     7 |     3 ||    10
 Abil: Spit Poison       |    32 |    18 ||    50
  Use: Scroll            |       |    10 ||    10
 Stab: Sleeping          |     2 |       ||     2
       Distracted        |     1 |       ||     1
  Eat: Chunk             |     3 |     2 ||     5
       Ration            |       |     1 ||     1
Armor: Robe              |    33 |    22 ||    55
Dodge: Dodged            |    78 |    43 ||   121

Table legend:
 A = Non-vault XP
 B = Vault XP
 C = Vault XP percentage of total XP
 D = Non-vault monster count
 E = Vault monster count
 F = Vault count percentage of total count
                 A         B        C        D         E       F
            +---------+---------+-------+---------+---------+-------
      Total |     213 |       3 |   1.4 |      54 |       1 |   1.8
            +---------+---------+-------+---------+---------+-------
        D:1 |      32 |       0 |   0.0 |      17 |       0 |   0.0
        D:2 |      77 |       0 |   0.0 |      21 |       0 |   0.0
        D:3 |     104 |       3 |   2.8 |      16 |       1 |   5.9
            +---------+---------+-------+---------+---------+-------
